 Dungeon Crawl Stone Soup version 0.27.1-4-g1640c2035a (webtiles) character file.

Game seed: 14853512440067198695

19 styxcanada the Sneak (level 2, 0/15 HPs)
             Began as a Spriggan Brigand on Nov 3, 2021.
             Killed from afar by a dart slug (2 damage)
             ... with a slug dart
             ... on level 1 of the Dungeon.
             The game lasted 00:01:48 (396 turns).

styxcanada the Sneak (Spriggan Brigand)              Turns: 396, Time: 00:01:49

Health: 0/15       AC:  3    Str:  7    XL:     2   Next: 55%
Magic:  3/3        EV: 16    Int: 12    God:
Gold:   20         SH:  0    Dex: 16    Spells: 1/1 levels left

rFire    . . .     SeeInvis +   a - +2 dagger
rCold    . . .     Faith    .   (shield restricted)
rNeg     . . .     Spirit   .   b - +0 robe
rPois    .         Reflect  .   (helmet restricted)
rElec    .         Harm     .   c - +0 cloak
rCorr    .         Rampage  .   (gloves unavailable)
Will     .....                  (boots unavailable)
Stlth    ++++......             (no amulet)
HPRegen  0.05/turn              (no ring)
MPRegen  0.08/turn              (no ring)

@: lethally poisoned (0 -> -6), very quick
A: very small, no large weapons, unfitting armour, see invisible, speed 3
a: no special abilities


You were on level 1 of the Dungeon.
You visited 1 branch of the dungeon, and saw 1 of its levels.

You collected 20 gold pieces.

Inventory:

Hand Weapons
 a - a +2 dagger (weapon)
Missiles
 d - 22 poisoned darts (quivered)
 e - 2 curare-tipped darts
Armour
 b - a +0 robe (worn)
 c - a +0 cloak (worn)
Scrolls
 f - a scroll of noise {unknown}
Potions
 g - a potion of curing {unknown}
 h - a potion of magic {unknown}


   Skills:
 * Level 1.6 Fighting
 + Level 2.2 Short Blades
 + Level 2.0 Throwing
 * Level 1.4 Dodging
 * Level 7.0 Stealth


You had one spell level left.
You didn't know any spells.
Your spell library was empty.

Dungeon Overview and Level Annotations

Branches:
Dungeon (1/15)

Altars:


Innate Abilities, Weirdness & Mutations

You are very small and have problems with some larger weapons.
You are too small for most types of armour.
You have supernaturally acute eyesight. (SInv)
You cover ground extremely quickly. (Speed+++)


Message History

Your Stealth skill increases to level 7!
A dart slug comes into view.
The goblin shouts!
You hear a shout!
The bat closely misses you. The goblin barely misses you.
You hit the goblin.
The goblin is heavily wounded.
The bat barely misses you. The goblin hits you with a +0 dagger.
You closely miss the goblin.
The goblin is heavily wounded.
The bat hits you. The goblin barely misses you.
You barely miss the goblin.
The goblin is heavily wounded.
The bat misses you. The dart slug launches a dart at you.
The slug dart hits you. The bat barely misses you.
The goblin closely misses you.
You hit the goblin but do no damage.
The goblin is heavily wounded.
The bat hits you.
You hit the goblin.
You kill the goblin!
The bat hits you but does no damage. The bat completely misses you.
A goblin comes into view. It is wielding a +0 dagger of venom.
Found 10 gold pieces.
The bat misses you.
You barely miss the goblin. The bat misses you. The goblin closely misses you.
You hit the bat.
You kill the bat!
You barely miss the goblin. The goblin closely misses you.
You barely miss the goblin.
The goblin hits you with a +0 dagger of venom.
You closely miss the goblin. The goblin barely misses you.
You barely miss the goblin.
The goblin hits you with a +0 dagger of venom.
* * * LOW HITPOINT WARNING * * *
You are lethally poisoned!
* * * LOW HITPOINT WARNING * * *
You feel sick. The dart slug launches a dart at you. The slug dart hits you.
You die...

#..# ###..#### ..
......).# .# .#.##.#.# .#
..#.(#..# #.## .#)##.#.#
### ...####
.#.##.#.#####.. .$.....
..#..#........####...##..
.#.##.#†####....@.g......
........# #.)w##########
.##.#.#.# #...#
.##...#.####...######
.####.#.............# .#
#.........w####.# )#
########.#.# .# #.#.# .#
#.#.#


You could see a dart slug and a goblin.

Vanquished Creatures
  A worm (D:1)
  2 bats (D:1)
  4 endoplasms (D:1)
  3 goblins (D:1)
  A hobgoblin (D:1)
  A quokka (D:1)
  3 frilled lizards (D:1)
15 creatures vanquished.

Notes
Turn   | Place    | Note
-------+----------+-------------------------------------------
     0 | D:1      | styxcanada the Spriggan Brigand began the quest for the
                  | Orb.
     0 | D:1      | Reached XP level 1. HP: 10/10 MP: 2/2
     7 | D:1      | Reached skill level 6 in Stealth
    74 | D:1      | Reached XP level 2. HP: 14/14 MP: 3/3
   378 | D:1      | Reached skill level 7 in Stealth
   396 | D:1      | Killed from afar by a dart slug

Illustrated notes

Levels and vault maps discovered:
D:1:      dpeg_arrival_brainrot, layout_loops_ring, serial_shops,
          nicolae_shop_statue_plus, minmay_small_reverse_x

Skill      XL: |  1  2 |
---------------+-------+-----
Stealth        | 6 7 |  7.0
Fighting       | |  1.6
Short Blades   | |  2.2
Throwing       | |  2.0
Dodging        | |  1.4

Action                   || total
-------------------------++-------
Melee: Dagger            ||    41
Throw: Dart              ||     1
 Stab: Sleeping          ||     5
Armor: Robe              ||     9
Dodge: Dodged            ||    31
